 Dungeon Crawl Stone Soup version 0.25.1-2-g60ff931df9 (webtiles) character file.

Game seed: 11955997125428820670

49094 Exodus22XD the Severer (level 14, -2/129 HPs)
             Began as a Deep Dwarf Fighter on Oct 17, 2020.
             Was the Champion of Makhleb.
             Slain by a shambling mangrove (15 damage)
             ... on level 1 of the Swamp.
             The game lasted 00:42:12 (12585 turns).

Exodus22XD the Severer (Deep Dwarf Fighter)        Turns: 12585, Time: 00:42:12

Health: -2/129     AC: 32    Str: 24    XL:     14   Next: 14%
Magic:  10/10      EV:  3    Int: 10    God:    Makhleb [******]
Gold:   768        SH:  5    Dex: 12    Spells: 13/13 levels left

rFire    + . .     SeeInvis .   M - +0 broad axe
rCold    + . .     Gourm    .   (no shield)
rNeg     + + .     Faith    .   J - +9 scales of the Dragon King {rPois rF+ rC+ MR+}
rPois    +         Spirit   .   (no helmet)
rElec    .         Reflect  +   C - +1 cloak
rCorr    +         Harm     .   x - +0 pair of gloves
MR       +++..                  m - +0 pair of boots
Stlth    ..........             F - amulet of reflection
HPRegen  0.00/turn              L - ring of resist corrosion
MPRegen  0.12/turn              U - ring of positive energy

@: lethally poisoned (-2 -> -2), grasped by roots, non-regenerating, constricted
A: damage resistance, heal wounds, negative energy resistance 1, sense
surroundings 2, no regeneration
a: Heal Wounds, Minor Destruction, Lesser Servant of Makhleb, Major Destruction,
Greater Servant of Makhleb, Renounce Religion


You were on level 1 of the Swamp.
You worshipped Makhleb.
Makhleb was exalted by your worship.
You were not hungry.

You visited 4 branches of the dungeon, and saw 17 of its levels.
You visited the Abyss 1 time.

You collected 1128 gold pieces.
You spent 360 gold pieces at shops.

Inventory:

Hand Weapons
 I - a +1 vorpal spear
 M - a +0 broad axe (weapon)
 V - the +6 dire flail of Ornamental Honour {speed, +Inv rC+ Int-4}
   (You found it on level 6 of the Lair of Beasts)

   Attacks with this weapon are significantly faster.
   It affects your intelligence (-4).
   It protects you from cold.
   It lets you turn invisible.
Armour
 c - a +0 kite shield
 m - a +0 pair of boots (worn)
 x - a +0 pair of gloves (worn)
 C - a +1 cloak (worn)
 J - the +9 scales of the Dragon King (worn) {rPois rF+ rC+ MR+}
   (You found it on level 2 of the Lair of Beasts)

   It protects you from fire.
   It protects you from cold.
   It protects you from poison.
   It affects your resistance to hostile enchantments.
Jewellery
 B - an uncursed ring of ice
 D - an uncursed amulet of the acrobat
 F - an amulet of reflection (around neck)
 K - an uncursed amulet of magic regeneration {unknown}
 L - a ring of resist corrosion (left hand)
 R - an uncursed ring of flight
 U - a ring of positive energy (right hand)
Wands
 t - a wand of digging (7)
 y - a wand of acid (12)
 G - a wand of flame (12)
 Q - a wand of enslavement (16)
Scrolls
 e - 4 scrolls of enchant armour
 i - 3 scrolls of fog
 k - 6 scrolls of blinking
 l - 4 scrolls of fear
 n - 5 scrolls of remove curse
 s - a scroll of random uselessness {unknown}
 u - 3 scrolls of immolation
 w - 7 scrolls of teleportation
 H - a scroll of brand weapon {unknown}
 O - a scroll of holy word {unknown}
 P - 2 scrolls of magic mapping {unknown}
 T - a scroll of noise {unknown}
Potions
 b - a potion of brilliance
 d - 4 potions of might
 h - 2 potions of degeneration {unknown}
 j - 6 potions of curing
 q - a potion of haste
 r - 2 potions of mutation {unknown}
 v - 4 potions of stabbing {unknown}
 z - a potion of berserk rage {unknown}
 A - a potion of flight {unknown}
 E - 2 potions of heal wounds {unknown}
 N - a potion of lignification {unknown}
 S - a potion of ambrosia {unknown}
Miscellaneous
 a - a tin of tremorstones (3/3)
Comestibles
 f - 25 rations
 g - a chunk of flesh


   Skills:
 + Level 9.1 Fighting
 + Level 15.3 Axes
 - Level 0.4(8.7) Polearms
 + Level 10.6 Armour
 - Level 3.2 Dodging
 - Level 0.1 Stealth
 + Level 12.4 Shields
 * Level 12.5 Invocations
 - Level 5.3 Evocations


You had 13 spell levels left.
You didn't know any spells.
Your spell library contained the following spells:

 Spells                   Type           Power        Failure   Level  Hunger
 Magic Dart               Conj           #...         100%        1    ##.....
 Sting                    Tmut/Pois      #...         100%        1    ##.....
 Blink                    Tloc           N/A          100%        2    ###....
 Call Imp                 Summ           #.......     100%        2    ###....
 Passwall                 Tmut/Erth      #.......     100%        2    ###....
 Slow                     Hex            #.......     100%        2    ###....
 Swiftness                Chrm/Air       #.......     100%        2    ###....
 Conjure Flame            Conj/Fire      #.......     100%        3    ####...
 Mephitic Cloud           Conj/Pois/Air  #.......     100%        3    ####...
 Passage of Golubria      Tloc           N/A          100%        4    #####..
 Irradiate                Conj/Tmut      #.........   100%        5    ######.
 Lee's Rapid Deconstruct  Erth           #.........   100%        5    ######.
 Darkness                 Hex            #.........   100%        6    #######
 Invisibility             Hex            #.......     100%        6    #######


Dungeon Overview and Level Annotations

Branches:
Dungeon (9/15)             Temple (1/1) D:4            Lair (6/6) D:8
  Swamp (1/4) Lair:3       Spider (0/4) Lair:3        Slime (0/5) Lair:6
    Orc: D:9-12

Altars:
Ashenzari
Cheibriados
Dithmenos
Elyvilon
Fedhas
Gozag
Hepliaklqana
Kikubaaqudgha
Makhleb
Nemelex Xobeh
Okawaru
Qazlal
Ru
Sif Muna
Trog
Uskayaw
Vehumet
Wu Jian
Xom
Yredelemnul
Zin
The Shining One

Shops:
D:8 =   D:9 !

Annotations:
Lair:1 exclusion: oklob plant


Innate Abilities, Weirdness & Mutations

You are resistant to damage.
You can heal yourself by infusing magical energy.
You resist negative energy. (rN+)
You passively map the area around you.
You do not regenerate.


Message History

The swamp drake bites you but does no damage.
Unknown command.
Your scales of the Dragon King prevents you from hitting the swamp drake.
The swamp drake is lightly wounded.
You closely miss the swamp drake. You slash the shambling mangrove!
The swamp drake bites you but does no damage.
The shambling mangrove hits you but does no damage.
The grasping roots constrict you.
The swamp drake bites you but does no damage.
You hit the swamp drake.
The swamp drake is almost dead.
You slash the swamp drake! You slash the shambling mangrove!
You block the swamp drake's attack. The shambling mangrove hits you!!
* * * LOW HITPOINT WARNING * * *
The grasping roots constrict you. You block the swamp drake's attack.
Unknown command.
You feel much better. You block the swamp drake's attack. x2
The shambling mangrove hits you!!
* * * LOW HITPOINT WARNING * * *
You die...

*
..≈≈.≈≈≈≈≈.♣≈..≈..≈........
,,
≈≈≈≈≈≈≈≈≈≈.♣♣≈..§≈......≈..
,
≈≈≈≈≈≈≈≈≈≈≈♣♣≈..≈..≈≈..≈≈.≈
*
...≈≈≈.≈≈≈.♣♣♣.≈≈≈≈≈≈......
*
*≈≈≈≈≈≈......♣♣.≈≈≈......≈≈≈
.≈≈......≈D≈...≈≈≈≈....≈≈≈≈
*,
*.≈.≈≈...≈≈i≈≈..≈≈≈..♣♣.≈≈≈≈
,,
≈.......≈..fk≈......♣♣♣.≈≈≈≈
,
......♣♣♣.@k..≈..♣♣♣♣♣≈≈≈≈≈
≈.... * ♣≈.≈≈≈♣♣≈≈≈.♣♣.≈≈≈.
≈≈ ≈..., *
♣♣.≈≈...≈≈≈.♣♣≈≈≈≈≈ ≈≈≈≈.
♣♣.≈≈...≈..♣♣.≈≈≈≈ ≈≈
♣.≈≈.≈......♣..≈≈ ≈, ≈≈
♣♣...♣...≈≈≈♣♣.≈. , *
♣♣♣♣≈≈≈..≈♣♣♣♣♣♣ ♣≈..≈♣♣♣ **
♣♣♣♣♣♣


You could see a shambling mangrove, a swamp dragon, a spriggan rider (confused)
and 2 swamp drakes.

Vanquished Creatures
  Erica (Lair:1)
  A catoblepas (Lair:5)
  6 hydras
  Nergalle (Lair:3)
  4 death yaks (Lair:3)
  Sonja (Lair:4)
  A swamp dragon (Swamp:1)
  An oklob plant (Lair:6)
  9 elephants
  2 black mambas (Lair:6)
  25 spiny frogs
  3 rime drakes
  8 komodo dragons
  A demonic crawler (Lair:3)
  6 tyrant leeches
  A polar bear (Lair:4)
  Grinder (D:5)
  3 slime creatures (Swamp:1)
  10 hippogriffs
  6 dream sheep (Lair:5)
  29 blink frogs
  2 bog bodies (Lair:3)
  2 wyverns (D:9)
  3 basilisks
  45 yaks
  6 vampire mosquitoes
  Menkaure (D:6)
  A swamp worm (Swamp:1)
  Duvessa (D:5)
  7 water moccasins
  6 porcupines
  A sky beast (D:9)
  3 black bears
  2 phantoms
  2 ogres
  A necrophage (D:5)
  3 centaurs
  5 crocodiles
  A big kobold (D:9)
  Blork the orc (D:5)
  27 bullfrogs
  Dowan (D:5)
  7 scorpions
  3 killer bees (D:8)
  A howler monkey (D:7)
  2 crimson imps (D:9)
  7 orc priests
  2 hounds
  A jelly (D:9)
  A bullfrog skeleton (D:4)
  3 iguanas
  9 orc wizards
  Crazy Yiuf (D:2)
  Jessica (D:2)
  Natasha (twice) (D:3)
  10 worker ants
  Terence (D:2)
  A killer bee zombie (D:8)
  2 hound zombies
  A hound skeleton (D:8)
  4 gnolls (D:5)
  13 adders
  3 oozes
  2 adder zombies
  9 worms
  2 dart slugs
  7 leopard geckos
  19 orcs
  8 giant cockroaches
  4 hobgoblins
  16 jackals
  5 kobolds
  2 ball pythons
  5 bats
  4 frilled lizards
  6 goblins
  2 leopard gecko skeletons (D:5)
  A quokka skeleton (D:6)
  8 rats
  2 fungi
  4 plants (Lair:6)
422 creatures vanquished.

Vanquished Creatures (others)
  A bush (Lair:3)
  18 fungi
  33 plants
52 creatures vanquished.

Grand Total: 474 creatures vanquished

Notes
Turn   | Place    | Note
-------+----------+-------------------------------------------
     0 | D:1      | Exodus22XD the Deep Dwarf Fighter began the quest for the
                  | Orb.
     0 | D:1      | Reached XP level 1. HP: 20/20 MP: 1/1
    97 | D:1      | Reached XP level 2. HP: 16/27 MP: 2/2
   492 | D:1      | Reached XP level 3. HP: 14/34 MP: 3/3
   696 | D:2      | Noticed Jessica
   702 | D:2      | Killed Jessica
   724 | D:2      | Reached XP level 4. HP: 11/42 MP: 4/4
   965 | D:2      | Reached skill level 3 in Axes
  1347 | D:2      | Noticed Terence
  1352 | D:2      | Killed Terence
  1396 | D:2      | Found a runed translucent door.
  1397 | D:2      | Noticed Crazy Yiuf
  1404 | D:2      | Killed Crazy Yiuf
  1404 | D:2      | Reached XP level 5. HP: 28/49 MP: 5/5
  1450 | D:3      | Reached skill level 4 in Axes
  1541 | D:3      | Reached XP level 6. HP: 43/56 MP: 5/5
  1624 | D:3      | Reached skill level 1 in Dodging
  1724 | D:3      | Noticed Natasha
  1753 | D:3      | Killed Natasha
  1849 | D:3      | Noticed Natasha
  1862 | D:3      | Killed Natasha
  1976 | D:3      | Reached skill level 5 in Axes
  2103 | D:3      | Reached skill level 5 in Shields
  2244 | D:4      | Found a shimmering altar of Xom.
  2389 | D:4      | Found a shadowy altar of Dithmenos.
  2444 | D:4      | Found a staircase to the Ecumenical Temple.
  2444 | D:4      | Found a basalt altar of Yredelemnul.
  2448 | Temple   | Entered the Ecumenical Temple
  2509 | Temple   | Became a worshipper of Makhleb the Destroyer
  2538 | D:4      | Reached XP level 7. HP: 36/63 MP: 6/6
  2642 | D:4      | Reached skill level 1 in Invocations
  3364 | D:5      | Entered Level 5 of the Dungeon
  3375 | D:5      | Reached skill level 6 in Axes
  3383 | D:5      | Noticed Blork the orc
  3396 | D:5      | Identified the +0 chain mail of Infinity {Harm Regen+
                  | Int+4}
  3396 | D:5      | Noticed Duvessa
  3407 | D:5      | Killed Blork the orc
  3420 | D:5      | Killed Duvessa
  3436 | D:5      | Noticed Dowan
  3468 | D:5      | Killed Dowan
  3468 | D:5      | Reached skill level 5 in Armour
  3503 | D:5      | Reached XP level 8. HP: 34/72 MP: 5/7
  3569 | D:5      | Reached * piety under Makhleb
  3573 | D:5      | Reached skill level 7 in Axes
  3748 | D:5      | HP: 1/72 [orc priest/nerve-wracking pain (9)]
  3849 | D:5      | Found a glowing golden altar of the Shining One.
  3920 | D:5      | Noticed Grinder
  3924 | D:5      | Paralysed by Grinder for 3 turns
  3941 | D:5      | Killed Grinder
  3990 | D:5      | Found a hide-covered altar of Uskayaw.
  4079 | D:6      | Found a sacrificial altar of Ru.
  4087 | D:6      | Found a bloodstained altar of Trog.
  4087 | D:6      | Found an ornate altar of the Wu Jian Council.
  4090 | D:6      | Found an opulent altar of Gozag.
  4091 | D:6      | Found a snail-covered altar of Cheibriados.
  4136 | D:6      | Reached skill level 8 in Axes
  4189 | D:6      | Noticed Menkaure
  4201 | D:6      | Killed Menkaure
  4201 | D:6      | Reached skill level 5 in Invocations
  4201 | D:6      | Gained mutation: You passively map the area around you.
                  | [Deep Dwarf growth]
  4201 | D:6      | Reached XP level 9. HP: 46/79 MP: 7/7
  4230 | D:6      | Reached ** piety under Makhleb
  4310 | D:6      | Found a blossoming altar of Fedhas.
  4617 | D:7      | Found an iron altar of Okawaru.
  4728 | D:7      | Reached skill level 5 in Fighting
  5103 | D:7      | Found an ancient bone altar of Kikubaaqudgha.
  5221 | D:8      | Reached skill level 9 in Axes
  5251 | D:8      | Noticed an elephant
  5283 | D:8      | Killed an elephant
  5306 | D:8      | Found a staircase to the Lair.
  5352 | D:8      | Found Degh's Jewellery Emporium.
  5404 | D:8      | Reached *** piety under Makhleb
  5774 | D:8      | Reached XP level 10. HP: 88/88 MP: 10/10
  6102 | D:9      | Reached skill level 10 in Axes
  6259 | D:9      | Found Falue's Distillery.
  6536 | D:8      | Bought an uncursed amulet of reflection for 360 gold pieces
  6579 | Lair:1   | Entered Level 1 of the Lair of Beasts
  6581 | Lair:1   | Noticed a spiny frog
  6593 | Lair:1   | Killed a spiny frog
  6784 | Lair:1   | Noticed Erica
  6785 | Lair:1   | Noticed a spiny frog
  6812 | Lair:1   | Killed Erica
  6826 | Lair:1   | Killed a spiny frog
  6844 | Lair:1   | Reached skill level 11 in Axes
  6907 | Lair:1   | Reached XP level 11. HP: 26/97 MP: 10/10
  7634 | Lair:1   | Noticed an oklob plant
  7703 | Lair:2   | Found the +9 scales of the Dragon King {rPois rF+ rC+ MR+}
  7813 | Lair:2   | Reached **** piety under Makhleb
  7883 | Lair:2   | Reached skill level 12 in Axes
  8428 | Lair:3   | Reached skill level 10 in Invocations
  8444 | Lair:3   | Noticed a death yak
  8444 | Lair:3   | Noticed a death yak
  8445 | Lair:3   | Noticed a death yak
  8445 | Lair:3   | Noticed a death yak
  8487 | Lair:3   | Killed a death yak
  8506 | Lair:3   | Killed a death yak
  8536 | Lair:3   | Killed a death yak
  8544 | Lair:3   | Killed a death yak
  8544 | Lair:3   | Reached XP level 12. HP: 68/109 MP: 12/12
  8555 | Lair:3   | Noticed Nergalle
  8602 | Lair:3   | Cast into level 1 of the Abyss (spectral orc knight)
  8648 | Lair:3   | Escaped the Abyss
  8671 | Lair:3   | Killed Nergalle
  8956 | Lair:3   | Found a hole to the Spider Nest.
  8991 | Lair:3   | Reached skill level 10 in Shields
  9077 | Lair:3   | Reached skill level 13 in Axes
  9182 | Lair:3   | Found a staircase to the Swamp.
  9452 | Lair:4   | Reached ***** piety under Makhleb
  9520 | Lair:4   | Noticed an eight-headed hydra
  9665 | Lair:4   | Killed an eight-headed hydra
  9784 | Lair:4   | Noticed Sonja
  9823 | Lair:4   | Killed Sonja
 10010 | Lair:4   | Reached skill level 1 in Evocations
 10520 | Lair:5   | Noticed a catoblepas
 10541 | Lair:5   | Killed a catoblepas
 10549 | Lair:5   | Reached XP level 13. HP: 111/117 MP: 8/8
 10832 | Lair:5   | Reached skill level 14 in Axes
 10943 | Lair:6   | Entered Level 6 of the Lair of Beasts
 11022 | Lair:5   | Reached skill level 5 in Evocations
 11163 | Lair:6   | Reached skill level 10 in Armour
 11469 | Lair:6   | Reached ****** piety under Makhleb
 11478 | Lair:6   | Found a staircase to the Slime Pits.
 11516 | Lair:6   | Reached skill level 15 in Axes
 11936 | Lair:6   | Identified the Tome of Transmigration and Feathers
 11939 | Lair:6   | Got a blackened dire flail
 11988 | Lair:6   | Gained mutation: You resist negative energy. (rN+) [Deep
                  | Dwarf growth]
 11988 | Lair:6   | Reached XP level 14. HP: 127/127 MP: 10/10
 11997 | Lair:6   | Identified the +6 dire flail of Ornamental Honour {speed,
                  | +Inv rC+ Int-4} (You found it on level 6 of the Lair of
                  | Beasts)
 12409 | Swamp:1  | Entered Level 1 of the Swamp
 12585 | Swamp:1  | Slain by a shambling mangrove

Illustrated notes

Levels and vault maps discovered:
D:1:      giann_bridges, layout_rooms, serial_bayou, serial_bayou_pond_e,
          serial_bayou_lagoon_b, serial_bayou_pond_a, serial_bayou_pond_d,
          grunt_decor_resistance
D:2:      layout_loops_ring, uniq_jessica, uniq_crazy_yiuf_cottage, uniq_terence
D:3:      layout_basic, uniq_natasha
D:4:      layout_layer_cave, lemuel_crystal_altar, old_standard_altar,
          nicolae_dithmenos_the_darkroom, minmay_temple_entry_grid
D:5:      layout_rooms, eat_drink_and_be_merry_uskayaw, first_ration,
          corexii_hall_statues_x, nicolae_tso_swordbearing_angel, uniq_grinder,
          uniq_blork_the_orc, uniq_duvessa
D:6:      layout_rooms, fedhas_altar_4, minitemple, uniq_menkaure
D:7:      layout_loops_ring, okawaru_ov_weapons_minmay, kennysheep_mini
D:8:      layout_basic, david_lair_generic, serial_glass, glass_columns_c,
          glass_columns_c, serial_shops,
          nicolae_shop_temple_entry_statues_fountains
D:9:      layout_rooms, serial_shops, nicolae_shop_stone
Temple:   dpeg_three_leaves_temple
Lair:1:   layout_concentric_octagons, grunt_megastairs_5,
          minmay_lair_oklob_chamber, uniq_erica
Lair:2:   layout_loops_ring, grunt_megastairs_2
Lair:3:   layout_regular_city, skrybe_swamp_entry_bodies,
          nicolae_spider_entry_non_spiders, uniq_nergalle
Lair:4:   layout_long_grid, grunt_megastairs_1, uniq_sonja
Lair:5:   layout_cave_pods, st_stairs_10, minivault_26, lemuel_fruit_tree,
          grunt_megastairs_4
Lair:6:   minmay_lair_end_frog_pond, layout_misc_corridors,
          minmay_slime_entry_oklob_open
Swamp:1:  layout_basic_swamp, infiniplex_staircase_pool_2, swamp_pool3

Skill      XL: |  1  2  3  4  5  6  7  8  9 10 11 12 13 14 |
---------------+-------------------------------------------+-----
Fighting       | 3 4 5 6 7 8 9 |  9.1
Armour         | 4 5 6 7 8 9 10 | 10.6
Shields        | 4 5 6 7 8 9 11 12 | 12.4
Axes           | 3 4 5 6 8 9 11 12 13 15 | 15.3
Dodging        | 1 2 3 |  3.2
Invocations    | 3 5 6 8 10 11 12 | 12.5
Evocations     | 4 5 |  5.3
Polearms       | |  0.4
Stealth        | |  0.1

Action                   |  1- 3 |  4- 6 |  7- 9 | 10-12 | 13-15 || total
-------------------------+-------+-------+-------+-------+-------++-------
Melee: War axe           |    80 |   228 |   479 |   780 |       ||  1567
       Broad axe         |       |       |       |   143 |   551 ||   694
       Spear             |       |       |       |    14 |    35 ||    49
       Dire flail        |       |       |       |       |    25 ||    25
Invok: Minor Destruction |       |       |       |     1 |       ||     1
       Major Destruction |       |       |       |     3 |       ||     3
 Abil: Heal Wounds       |       |     5 |    14 |    20 |     1 ||    40
Evoke: Wand              |       |       |       |     1 |       ||     1
  Use: Potion            |       |       |       |     2 |       ||     2
       Scroll            |       |       |       |     9 |     1 ||    10
 Stab: Petrified         |       |       |       |     7 |     3 ||    10
  Eat: Chunk             |       |     6 |    12 |    10 |     8 ||    36
       Ration            |       |       |       |     2 |       ||     2
Armor: Scale mail        |    19 |       |       |       |       ||    19
       Chain mail        |    47 |   146 |   278 |   119 |       ||   590
       Gold dragon scale |       |       |       |   464 |   489 ||   953
Dodge: Dodged            |    34 |    58 |   124 |   179 |   137 ||   532
Block: Kite shield       |    60 |   136 |   274 |   814 |   560 ||  1844
       Reflection        |       |       |       |     6 |     1 ||     7
       Other             |       |       |       |       |    29 ||    29
